 Dungeon Crawl Stone Soup version 0.22.0-21-g8bd1b0a76a (webtiles) character file.

567 mora the Chopper (level 7, 0/57 HPs)
             Began as a Hill Orc Necromancer on Aug 19, 2018.
             Killed from afar by Dowan (2 damage)
             ... with a puff of frost
             ... on level 4 of the Dungeon.
             The game lasted 00:08:06 (6168 turns).

mora the Chopper (Hill Orc Necromancer)             Turns: 6168, Time: 00:08:07

Health: 0/57       AC:  6    Str: 13    XL:     7   Next: 33%
Magic:  8/20       EV: 11    Int: 15    God:
Gold:   108        SH:  0    Dex: 11    Spells: 7/11 levels left

rFire    + . .     SeeInvis .   a - +2 hand axe (chop)
rCold    + . .     Gourm    .   (no shield)
rNeg     . . .     Faith    .   v - +0 ring mail
rPois    .         Spirit   .   k - +0 helmet
rElec    .         Reflect  .   d - scarf {rC+ rF+}
rCorr    .         Harm     .   (no gloves)
MR       .....                  (no boots)
Stlth    +.........             (no amulet)
HPRegen  0.19/turn              e - ring of magical power
MPRegen  0.17/turn              (no ring)

@: no status effects
A: no striking features
a: no special abilities


You were on level 4 of the Dungeon.
You were not hungry.

You visited 1 branch of the dungeon, and saw 4 of its levels.

You collected 108 gold pieces.

Inventory:

Hand Weapons
 a - a +2 hand axe of chopping (weapon)
 b - a +0 short sword
 j - a +1 hand axe
Armour
 d - a scarf of resistance (worn)
 f - a +0 robe
 k - a +0 helmet (worn)
 v - a +0 ring mail (worn)
Jewellery
 e - a ring of magical power (left hand)
 w - an uncursed ring of magical power
Wands
 n - a wand of flame (20)
 s - a wand of disintegration (18)
Scrolls
 l - a scroll of identify {unknown}
 m - a scroll of fog {unknown}
 p - 2 scrolls of remove curse {unknown}
Potions
 g - 2 potions of curing {unknown}
 h - a potion of haste {unknown}
 i - a potion of agility {unknown}
 o - a potion of invisibility {unknown}
 q - 2 potions of might {unknown}
 r - 3 potions of lignification {unknown}
 t - a potion of flight {unknown}
 x - a potion of mutation {unknown}
 z - a potion of brilliance {unknown}
Comestibles
 c - 7 rations


   Skills:
 + Level 3.6 Fighting
 * Level 5.1 Axes
 + Level 3.0 Dodging
 - Level 1.5 Stealth
 + Level 2.8 Spellcasting
 + Level 5.1 Necromancy


You had 7 spell levels left.
You knew the following spells:

 Your Spells              Type           Power        Failure   Level  Hunger
a - Pain                  Necr           ###.         5%          1    #......
b - Regeneration          Chrm/Necr      #.........   43%         3    ###....

Your spell library contained the following spells:

 Spells                   Type           Power        Failure   Level  Hunger
 Animate Skeleton         Necr           N/A          5%          1    #......
 Vampiric Draining        Necr           ###.......   17%         3    ###....
 Animate Dead             Necr           N/A          50%         4    #####..


Dungeon Overview and Level Annotations

Branches:
Dungeon (4/15)
 Temple: D:4-7

Altars:
Xom
Zin

Annotations:
D:4 Dowan, Duvessa


Message History

All of the chunks of flesh in your inventory have rotted away.
Casting: Pain (safe; 5% risk of failure)
Confirm with . or Enter, or press ? or * to list all spells.
Aiming: Pain (safe; 5% risk of failure)
Press: ? - help, Shift-Dir - straight line, f/p - Duvessa
Aim: Duvessa, wielding a short sword and wearing a leather armour (almost dead, fast, chance to defeat MR: 60%) Duvessa resists with significant effort.
Duvessa hits you with a short sword!
* * * LOW HITPOINT WARNING * * *
Duvessa hits you but does no damage. Dowan hits you but does no damage.
Casting: Pain (safe; 5% risk of failure)
Confirm with . or Enter, or press ? or * to list all spells.
Aiming: Pain (safe; 5% risk of failure)
Press: ? - help, Shift-Dir - straight line, f/p - Duvessa
Aim: Duvessa, wielding a short sword and wearing a leather armour (almost dead, fast, chance to defeat MR: 60%) Duvessa writhes in agony!
Duvessa hits you with a short sword.
* * * LOW HITPOINT WARNING * * *
Dowan casts a spell at you. The puff of frost hits you! You resist.
You die...

....#
#.....#..........#
....+
#.....#..........+
#...#
##....##....###.##
#...#
###....###+### .#
....#
..............# .
...#
..............# .
..#
..########....#
####....##....###
#.....e@........
#.....e.........
################


You could see Duvessa and Dowan.

Vanquished Creatures
  Sigmund (D:2)
  A bullfrog (D:4)
  Blork the orc (D:4)
  An orc priest (D:2)
  An iguana (D:4)
  2 worker ants (D:4)
  7 adders
  An ooze (D:1)
  2 adder zombies (D:3)
  An adder skeleton (D:3)
  5 worms
  2 dart slugs (D:1)
  2 leopard geckos
  An orc (D:2)
  4 giant cockroaches
  10 goblins
  6 hobgoblins
  6 jackals
  13 kobolds
  A quokka (D:3)
  5 bats
  6 frilled lizards
  3 jackal skeletons (D:3)
  A quokka skeleton (D:3)
  7 rats
90 creatures vanquished.

Vanquished Creatures (others)
  A dart slug (D:2)
  A bat (D:2)
2 creatures vanquished.

Grand Total: 92 creatures vanquished

Notes
Turn   | Place    | Note
-------+----------+-------------------------------------------
     0 | D:1      | mora the Hill Orc Necromancer began the quest for the Orb.
     0 | D:1      | Reached XP level 1. HP: 14/14 MP: 3/3
   158 | D:1      | Reached XP level 2. HP: 4/22 MP: 0/4
   415 | D:1      | Reached skill level 1 in Fighting
   954 | D:1      | Reached XP level 3. HP: 25/28 MP: 5/5
  1754 | D:2      | Reached skill level 1 in Axes
  2048 | D:2      | Reached XP level 4. HP: 14/36 MP: 6/7
  2048 | D:2      | Noticed an angel
  2051 | D:2      | Found a shimmering altar of Xom.
  2051 | D:2      | Found a glowing silver altar of Zin.
  2422 | D:2      | Reached XP level 5. HP: 11/41 MP: 8/8
  3188 | D:2      | Noticed Sigmund
  3347 | D:3      | Learned a level 3 spell: Regeneration
  3498 | D:2      | Killed Sigmund
  3498 | D:2      | Reached XP level 6. HP: 24/50 MP: 4/9
  5118 | D:4      | Noticed Blork the orc
  5147 | D:4      | Killed Blork the orc
  5492 | D:4      | Reached XP level 7. HP: 53/57 MP: 10/10
  5645 | D:4      | Reached skill level 5 in Necromancy
  5945 | D:4      | Reached skill level 5 in Axes
  6152 | D:4      | Noticed Duvessa
  6152 | D:4      | Noticed Dowan
  6168 | D:4      | HP: 2/57 [Duvessa/short sword (3)]
  6168 | D:4      | Killed from afar by Dowan

Skill      XL: |  1  2  3  4  5  6  7 |
---------------+----------------------+-----
Fighting       | 1 2 3 |  3.6
Dodging        | 2 3 |  3.0
Axes           | 1 2 3 4 5 |  5.1
Spellcasting   | 2 |  2.8
Necromancy     | 5 |  5.1
Stealth        | |  1.5

Action                   |  1- 3 |  4- 6 |  7- 9 || total
-------------------------+-------+-------+-------++-------
Melee: Unarmed           |    11 |       |       ||    11
       Short sword       |     7 |       |       ||     7
       Hand axe          |    31 |    38 |     3 ||    72
 Cast: Pain              |    58 |   131 |    47 ||   236
       Regeneration      |       |     2 |       ||     2
  Use: Scroll            |     3 |     2 |       ||     5
 Stab: Sleeping          |       |     1 |       ||     1
  Eat: Chunk             |     5 |     9 |     3 ||    17
       Ration            |       |     1 |       ||     1
Armor: Robe              |    12 |    11 |       ||    23
       Ring mail         |       |       |    14 ||    14
Dodge: Dodged            |    49 |    45 |    21 ||   115
